| TOP OF THE 1ST |
|
Hartford Yard Goats batting - Pitching for Peoria Chiefs : RHP Craig Daniel
|
|
Pitching: RHP Craig Daniel
|
|
|
Batting: RHB John Stevenson
|
0-0: Swinging Strike 0-1: Ball 1-1: Ball 2-1: Foul Ball, location: 2F 2-2: Foul Ball, location: 2F 2-2: Foul Ball, location: 2F 2-2: Ball 3-2: Strikes out looking
|
|
Batting: RHB Doug D'Onofrio
|
0-0: Called Strike 0-1: Foul Ball, location: 2F 0-2: Strikes out swinging
|
|
Batting: LHB Jason Ryan
|
0-0: Ground out 4-3 (Groundball, 4, EV 107.5 MPH)
|
| Top of the 1st over - 0 runs, 0 hits, 0 errors, 0 left on base; Hartford 0 - Peoria 0 |
| BOTTOM OF THE 1ST |
|
Peoria Chiefs batting - Pitching for Hartford Yard Goats : RHP Logan Ramsey
|
|
Pitching: RHP Logan Ramsey
|
|
|
Batting: RHB Fortunato Fteira
|
0-0: Ball 1-0: Foul Ball, location: 2F 1-1: Ground out U3 (Groundball, 3, EV 91.9 MPH)
|
|
Batting: LHB Ken Morehead
|
0-0: Ball 1-0: Foul Ball, location: 2F 1-1: Ball 2-1: Ball 3-1: Foul Ball, location: 2F 3-2: Base on Balls
|
|
Batting: RHB McGwire Jones
|
0-0: Foul Ball, location: 2F 0-1: Swinging Strike 0-2: Fly out, F7 (Line Drive, 7, EV 102.5 MPH)
|
|
Batting: RHB Bobby Miles
|
0-0: Called Strike 0-1: Fly out, F9 (Flyball, 9LM, EV 103.1 MPH)
|
| Bottom of the 1st over - 0 runs, 0 hits, 0 errors, 1 left on base; Hartford 0 - Peoria 0 |
| TOP OF THE 2ND |
|
Hartford Yard Goats batting - Pitching for Peoria Chiefs : RHP Craig Daniel
|
|
Batting: SHB Ken Griffey IV
|
0-0: Called Strike 0-1: Ball 1-1: Foul Ball, location: 2F 1-2: Ball 2-2: Strikes out swinging
|
|
Batting: RHB Chris Osting
|
0-0: Swinging Strike 0-1: Fly out, F7 (Flyball, 78XD, EV 71.2 MPH)
|
|
Batting: RHB Ray Insley
|
0-0: Called Strike 0-1: Ball 1-1: Foul Ball, location: 2F 1-2: Strikes out looking
|
| Top of the 2nd over - 0 runs, 0 hits, 0 errors, 0 left on base; Hartford 0 - Peoria 0 |
| BOTTOM OF THE 2ND |
|
Peoria Chiefs batting - Pitching for Hartford Yard Goats : RHP Logan Ramsey
|
|
Batting: RHB Sam Daw
|
0-0: Called Strike 0-1: Ball 1-1: Swinging Strike 1-2: Ground out 5-3 (Groundball, 56, EV 102.5 MPH)
|
|
Batting: SHB Bobby Mercado
|
0-0: Swinging Strike 0-1: Ball 1-1: Ball 2-1: Foul Ball, location: 2F 2-2: Ball 3-2: Foul Ball, location: 2F 3-2: Base on Balls
|
|
Batting: RHB Robby Hickman
|
0-0: Ball Bobby Mercado steals 2nd base 1-0: Ball 2-0: Called Strike 2-1: SINGLE (Groundball, 56S, EV 68.1 MPH) (infield hit) Bobby Mercado to third
|
|
Batting: RHB Workneh Lagat
|
0-0: Called Strike 0-1: Ball 1-1: Foul Ball, location: 2F 1-2: Foul Ball, location: 2F 1-2: Ball 2-2: Ball 3-2: Strikes out swinging
|
|
Batting: RHB Nick Latulippe
|
0-0: Foul Ball, location: 2F 0-1: Ball 1-1: Foul Ball, location: 2F 1-2: Ball 2-2: Ball 3-2: Foul Ball, location: 2F 3-2: Strikes out looking
|
| Bottom of the 2nd over - 0 runs, 1 hit, 0 errors, 2 left on base; Hartford 0 - Peoria 0 |
| TOP OF THE 3RD |
|
Hartford Yard Goats batting - Pitching for Peoria Chiefs : RHP Craig Daniel
|
|
Batting: RHB Carlos de Jesus
|
0-0: Called Strike 0-1: Swinging Strike 0-2: Strikes out swinging
|
|
Batting: RHB Chris Kinder
|
0-0: Called Strike 0-1: Ground out 5-3 (Groundball, 56S, EV 91.2 MPH)
|
|
Batting: RHB Bob Hayes
|
0-0: Called Strike 0-1: Ball 1-1: Ground out 5-3 (Groundball, 5L, EV 87.5 MPH)
|
| Top of the 3rd over - 0 runs, 0 hits, 0 errors, 0 left on base; Hartford 0 - Peoria 0 |
| BOTTOM OF THE 3RD |
|
Peoria Chiefs batting - Pitching for Hartford Yard Goats : RHP Logan Ramsey
|
|
Batting: RHB Fortunato Fteira
|
0-0: Ball 1-0: Foul Ball, location: 2F 1-1: Ball 2-1: Ball 3-1: Base on Balls
|
|
Batting: LHB Ken Morehead
|
0-0: Called Strike 0-1: Ball 1-1: Foul Ball, location: 2F 1-2: Foul Ball, location: 2F 1-2: Foul Ball, location: 2F 1-2: Strikes out looking
|
|
Batting: RHB McGwire Jones
|
0-0: Called Strike 0-1: Swinging Strike 0-2: Fly out, F7 (Flyball, 7, EV 82.5 MPH)
|
|
Batting: RHB Bobby Miles
|
0-0: Ball 1-0: Ball Fortunato Fteira steals 2nd, throwing error, E2 Fortunato Fteira to third 2-0: Ball 3-0: Swinging Strike 3-1: Ground out 6-3 (Groundball, 6, EV 92.5 MPH)
|
| Bottom of the 3rd over - 0 runs, 0 hits, 1 error, 1 left on base; Hartford 0 - Peoria 0 |
| TOP OF THE 4TH |
|
Hartford Yard Goats batting - Pitching for Peoria Chiefs : RHP Craig Daniel
|
|
Batting: RHB John Stevenson
|
0-0: Called Strike 0-1: Ball 1-1: Foul Ball, location: 2F 1-2: Strikes out looking
|
|
Batting: RHB Doug D'Onofrio
|
0-0: SINGLE (Line Drive, 3D, EV 95.0 MPH)
|
|
Batting: LHB Jason Ryan
|
0-0: Ball 1-0: Foul Ball, location: 2F 1-1: Foul Ball, location: 2F 1-2: Fly out, F9 (Flyball, 9, EV 85.6 MPH)
|
|
Batting: SHB Ken Griffey IV
|
0-0: Ball 1-0: Called Strike 1-1: Called Strike 1-2: Foul Ball, location: 2F 1-2: Ball 2-2: Strikes out looking
|
| Top of the 4th over - 0 runs, 1 hit, 0 errors, 1 left on base; Hartford 0 - Peoria 0 |
| BOTTOM OF THE 4TH |
|
Peoria Chiefs batting - Pitching for Hartford Yard Goats : RHP Logan Ramsey
|
|
Batting: RHB Sam Daw
|
0-0: Ball 1-0: Ball 2-0: Foul Ball, location: 2F 2-1: Foul Ball, location: 2F 2-2: Foul Ball, location: 2F 2-2: Ball 3-2: Base on Balls
|
|
Batting: SHB Bobby Mercado
|
0-0: Foul Ball, location: 2F 0-1: Foul Ball, location: 2F 0-2: Ball Wild Pitch! Sam Daw to second 1-2: Ball 2-2: Ball 3-2: Foul Ball, location: 2F 3-2: Foul Ball, location: 2F 3-2: Strikes out swinging
|
|
Batting: RHB Robby Hickman
|
0-0: Foul Ball, location: 2F 0-1: Ball 1-1: Ball 2-1: SINGLE (Groundball, 4D, EV 103.8 MPH) Sam Daw to third Runner from 3rd tries for Home, SAFE, throw by CF to home
|
|
Pitching: RHP Jerry Dunne
|
|
|
Batting: RHB Workneh Lagat
|
0-0: Grounds into double play, 6-4-3 (Groundball, 6, EV 94.4 MPH)
|
| Bottom of the 4th over - 1 run, 1 hit, 0 errors, 0 left on base; Hartford 0 - Peoria 1 |
| TOP OF THE 5TH |
|
Hartford Yard Goats batting - Pitching for Peoria Chiefs : RHP Craig Daniel
|
|
Batting: RHB Chris Osting
|
0-0: Ball 1-0: Ground out 5-3 (Groundball, 5, EV 108.8 MPH)
|
|
Batting: RHB Ray Insley
|
0-0: Called Strike 0-1: Ball 1-1: Ground out 4-3 (Groundball, 4, EV 83.8 MPH)
|
|
Batting: RHB Carlos de Jesus
|
0-0: Called Strike 0-1: Swinging Strike 0-2: Foul Ball, location: 2F 0-2: Ball 1-2: Ball 2-2: Strikes out swinging
|
| Top of the 5th over - 0 runs, 0 hits, 0 errors, 0 left on base; Hartford 0 - Peoria 1 |
| BOTTOM OF THE 5TH |
|
Peoria Chiefs batting - Pitching for Hartford Yard Goats : RHP Jerry Dunne
|
|
Batting: RHB Nick Latulippe
|
0-0: Ball 1-0: Called Strike 1-1: Ball 2-1: Swinging Strike 2-2: Ball 3-2: Strikes out swinging
|
|
Batting: RHB Fortunato Fteira
|
0-0: Ground out 5-3 (Groundball, 56S, EV 85.0 MPH)
|
|
Batting: LHB Ken Morehead
|
0-0: Ball 1-0: Foul Ball, location: 2F 1-1: Ball 2-1: Swinging Strike 2-2: Foul Ball, location: 2F 2-2: Foul Ball, location: 2F 2-2: Strikes out looking
|
| Bottom of the 5th over - 0 runs, 0 hits, 0 errors, 0 left on base; Hartford 0 - Peoria 1 |
| TOP OF THE 6TH |
|
Hartford Yard Goats batting - Pitching for Peoria Chiefs : RHP Craig Daniel
|
|
Batting: RHB Chris Kinder
|
0-0: Ball 1-0: Ball 2-0: Fly out, F8 (Flyball, 8RM, EV 91.9 MPH)
|
|
Batting: RHB Bob Hayes
|
0-0: Ball 1-0: Called Strike 1-1: Ball 2-1: Fly out, F8 (Flyball, 8LD, EV 86.2 MPH)
|
|
Batting: RHB John Stevenson
|
0-0: Foul Ball, location: 2F 0-1: Called Strike 0-2: Strikes out swinging
|
| Top of the 6th over - 0 runs, 0 hits, 0 errors, 0 left on base; Hartford 0 - Peoria 1 |
| BOTTOM OF THE 6TH |
|
Peoria Chiefs batting - Pitching for Hartford Yard Goats : RHP Jerry Dunne
|
|
Batting: RHB McGwire Jones
|
0-0: Called Strike 0-1: Ball 1-1: Foul Ball, location: 2F 1-2: Foul Ball, location: 2F 1-2: Foul Ball, location: 2F 1-2: Ball 2-2: Ball 3-2: Foul Ball, location: 2F 3-2: Foul Ball, location: 2F 3-2: Ground out 5-3 (Groundball, 5, EV 83.8 MPH)
|
|
Batting: RHB Bobby Miles
|
0-0: Called Strike 0-1: Fly out, F9 (Flyball, 9LM, EV 85.6 MPH)
|
|
Batting: RHB Sam Daw
|
0-0: Fly out, F8 (Flyball, 8LM, EV 72.5 MPH)
|
| Bottom of the 6th over - 0 runs, 0 hits, 0 errors, 0 left on base; Hartford 0 - Peoria 1 |
| TOP OF THE 7TH |
|
Hartford Yard Goats batting - Pitching for Peoria Chiefs : RHP Craig Daniel
|
|
Batting: RHB Doug D'Onofrio
|
0-0: Ball 1-0: Ball 2-0: SINGLE (Flyball, 5D, EV 91.2 MPH)
|
|
Batting: LHB Jason Ryan
|
0-0: Called Strike 0-1: Ball 1-1: SINGLE (Groundball, 34D, EV 94.4 MPH) Doug D'Onofrio to second
|
|
Batting: SHB Ken Griffey IV
|
0-0: Ball 1-0: Foul Ball, location: 2F 1-1: Ball 2-1: Called Strike 2-2: Ball 3-2: Fly out, F5 (Popup, 56S, EV 85.0 MPH)
|
|
Batting: RHB Chris Osting
|
0-0: Ball 1-0: Fly out, F4 (Popup, 34, EV 66.2 MPH)
|
|
Batting: RHB Ray Insley
|
0-0: Ball 1-0: Called Strike 1-1: Ball 2-1: Fly out, F9 (Line Drive, 9S, EV 94.4 MPH)
|
| Top of the 7th over - 0 runs, 2 hits, 0 errors, 2 left on base; Hartford 0 - Peoria 1 |
| BOTTOM OF THE 7TH |
|
Peoria Chiefs batting - Pitching for Hartford Yard Goats : RHP Jerry Dunne
|
|
Pitching: LHP Domenic Wells
|
|
|
Batting: SHB Bobby Mercado
|
0-0: Reached on error, E5 (Groundball, 56S, EV 85.6 MPH)
|
|
Batting: RHB Robby Hickman
|
0-0: Ball 1-0: Ball 2-0: Ball 3-0: Base on Balls
|
|
Batting: RHB Workneh Lagat
|
0-0: Ball 1-0: Ball 2-0: Foul Ball, location: 2F 2-1: Ball 3-1: Base on Balls Bobby Mercado to third Robby Hickman to second
|
|
Batting: RHB Nick Latulippe
|
0-0: Ball 1-0: Ball 2-0: Ball 3-0: Foul Ball, location: 2F 3-1: Base on Balls Bobby Mercado scores Robby Hickman to third Workneh Lagat to second
|
|
Batting: RHB Fortunato Fteira
|
0-0: Ball 1-0: Ball 2-0: Grounds into fielders choice 6-2 (Groundball, 6S, EV 65.0 MPH) Workneh Lagat to third Nick Latulippe to second
|
|
Batting: LHB Ken Morehead
|
0-0: Ball 1-0: Foul Ball, location: 2F 1-1: Ball 2-1: Fly out, F8 (Line Drive, 8LM, EV 95.0 MPH)
|
|
Batting: RHB McGwire Jones
|
0-0: Called Strike 0-1: Swinging Strike 0-2: Ball 1-2: Ball 2-2: Ball 3-2: Foul Ball, location: 2F 3-2: Ground out 4-3 (Groundball, 4, EV 105.6 MPH)
|
| Bottom of the 7th over - 1 run, 0 hits, 1 error, 3 left on base; Hartford 0 - Peoria 2 |
| TOP OF THE 8TH |
|
Hartford Yard Goats batting - Pitching for Peoria Chiefs : RHP Craig Daniel
|
|
Pinch Hitting: SHB Brad Madden
|
0-0: Foul Ball, location: 2F 0-1: Swinging Strike 0-2: Strikes out looking
|
|
Batting: RHB Chris Kinder
|
0-0: Fly out, F7 (Flyball, 7S, EV 89.4 MPH)
|
|
Batting: RHB Bob Hayes
|
0-0: Called Strike 0-1: Foul Ball, location: 2F 0-2: Strikes out swinging
|
| Top of the 8th over - 0 runs, 0 hits, 0 errors, 0 left on base; Hartford 0 - Peoria 2 |
| BOTTOM OF THE 8TH |
|
Peoria Chiefs batting - Pitching for Hartford Yard Goats : LHP Domenic Wells
|
|
Pitching: RHP Bobby Servin
|
|
|
Now at 2B: Brad Madden
|
|
|
Batting: RHB Bobby Miles
|
0-0: Ball 1-0: Ball 2-0: Called Strike 2-1: Foul Ball, location: 2F 2-2: Foul Ball, location: 2F 2-2: Ball 3-2: Base on Balls
|
|
Batting: RHB Sam Daw
|
0-0: Ball 1-0: Called Strike 1-1: Called Strike 1-2: Strikes out swinging
|
|
Batting: SHB Bobby Mercado
|
0-0: Swinging Strike 0-1: DOUBLE (Flyball, 8RXD, EV 101.2 MPH) Bobby Miles to third Runner from 3rd tries for Home, throw by CF and OUT! 8-2
|
|
Batting: RHB Robby Hickman
|
0-0: Swinging Strike 0-1: Ball Wild Pitch! Bobby Mercado to third 1-1: Swinging Strike 1-2: Ball 2-2: Foul Ball, location: 2F 2-2: SINGLE (Groundball, 6S, EV 60.6 MPH) (infield hit) Bobby Mercado scores
|
|
Batting: RHB Workneh Lagat
|
0-0: Ball Robby Hickman is caught stealing 2nd base 2-4
|
| Bottom of the 8th over - 1 run, 2 hits, 0 errors, 0 left on base; Hartford 0 - Peoria 3 |
| TOP OF THE 9TH |
|
Hartford Yard Goats batting - Pitching for Peoria Chiefs : RHP Craig Daniel
|
|
Pitching: RHP Chris Moore
|
|
|
Batting: RHB John Stevenson
|
0-0: Foul Ball, location: 2F 0-1: Ball 1-1: Ball 2-1: Hit by Pitch
|
|
Batting: RHB Doug D'Onofrio
|
0-0: Called Strike 0-1: Ball 1-1: Called Strike 1-2: Fly out, F8 (Flyball, 8LXD, EV 106.2 MPH)
|
|
Batting: LHB Jason Ryan
|
0-0: Called Strike 0-1: Ball 1-1: Foul Ball, location: 2F 1-2: Strikes out looking
|
|
Batting: SHB Ken Griffey IV
|
0-0: Called Strike 0-1: Called Strike 0-2: Foul Ball, location: 2F 0-2: Ball 1-2: Ball 2-2: Foul Ball, location: 2F 2-2: Strikes out swinging
|
| Top of the 9th over - 0 runs, 0 hits, 0 errors, 1 left on base; Hartford 0 - Peoria 3 |
|